 Dungeon Crawl Stone Soup version 0.29.0-5-ge4962eb29e (webtiles) character file.

Game seed: 10473010344471677854

69 edwardauron the Digger (level 3, -1/26 HPs)
             Began as a Demigod Earth Elementalist on Aug 29, 2022.
             Slain by Robin
             ... wielding a +0 whip
              (3 damage)
             ... on level 2 of the Dungeon.
             The game lasted 00:02:23 (1475 turns).

edwardauron the Digger (Demigod Earth Elementalist) Turns: 1475, Time: 00:02:24

Health: -1/26      AC:  6    Str:  9    XL:     3   Next: 75%
Magic:  9/9        EV: 12    Int: 21    God:
Gold:   52         SH:  0    Dex: 14    Spells: 2/6 levels left

rFire   + . .      SeeInvis .   a - +0 dagger
rCold   . . .      Faith    .   (no shield)
rNeg    . . .      Spirit   .   d - +3 leather armour {rF+}
rPois   .          Reflect  .   (no helmet)
rElec   .          Harm     .   (no cloak)
rCorr   .          Rampage  .   (no gloves)
Will    .....                   (no boots)
Stlth   ++........              (no amulet)
HPRegen 0.08/turn               (no ring)
MPRegen 0.11/turn               (no ring)

@: invisible
A: high MP 1, forlorn, divine attributes
a: no special abilities


You were on level 2 of the Dungeon.
You visited 1 branch of the dungeon, and saw 2 of its levels.

You collected 52 gold pieces.

Inventory:

Hand Weapons
 a - a +0 dagger (weapon)
Armour
 d - a +3 leather armour of fire resistance (worn)
Wands
 l - a wand of iceblast (9)
Scrolls
 e - a scroll of silence {unknown}
 f - 2 scrolls of torment {unknown}
 g - a scroll of teleportation {unknown}
 i - a scroll of butterflies {unknown}
 j - a scroll of immolation {unknown}
 k - a scroll of fear {unknown}


   Skills:
 + Level 1.1 Armour
 + Level 2.3 Dodging
 - Level 1.7 Stealth
 + Level 2.2 Spellcasting
 * Level 0.7 Conjurations
 - Level 0.8 Transmutations
 * Level 3.3 Earth Magic


You had 2 spell levels left.
You knew the following spells:

 Your Spells              Type           Power      Damage    Failure   Level
a - Sandblast             Erth           32%        2d9       4%          1
b - Stone Arrow           Conj/Erth      20%        3d8       26%         3

Your spell library contained the following spells:

 Spells                   Type           Power      Damage    Failure   Level
 Passwall                 Tmut/Erth      9%         N/A       13%         2
 Sublimation of Blood     Necr           2%         N/A       30%         2
 Petrify                  Tmut/Erth      11%        N/A       63%         4
 Irradiate                Conj/Tmut      2%         3d12      98%         5


Dungeon Overview and Level Annotations

Branches:
Dungeon (2/15)

Annotations:
D:2 Robin


Innate Abilities, Weirdness & Mutations

You have an increased reservoir of magic. (+10% MP)
You shall have no god before yourself.
Your divine heritage dramatically boosts your attributes as you level up.


Message History

Aim: a goblin, wielding a +0 dagger (severely wounded, strong, 77% to hit)
The blast of sand hits the goblin.
You kill the goblin!
Robin throws the goblin at you! The goblin misses you.
The goblin hits you with a +0 club. The goblin hits you but does no damage.
The goblin barely misses you.
You closely miss the goblin.
The goblin no longer looks unusually strong.
The goblin hits you but does no damage. The goblin hits you with a +0 club.
You feel better. The goblin misses you. The goblin barely misses you.
Robin roars a battlecry!
The goblin goes into a battle-frenzy!
You hit the goblin.
The goblin is moderately wounded.
The goblin barely misses you. The goblin completely misses you.
You hit the goblin.
You kill the goblin!
The hobgoblin no longer looks unusually strong.
Robin throws the goblin at you! The goblin hits you but does no damage.
You hit the goblin.
The goblin is moderately wounded.
The goblin hits you with a +0 club.
It was a potion of invisibility.
You fade into invisibility!
Robin roars a battlecry!
The hobgoblin goes into a battle-frenzy!
The goblin hits you with a +0 club.
* * * LOW HITPOINT WARNING * * *
Unknown command.
Magic courses through your body. Robin barely misses you.
The goblin closely misses you.
Casting: Sandblast (safe; 4% risk of failure)
Confirm with . or Enter, or press ? or * to list all spells.
Aiming: Sandblast (safe; 4% risk of failure)
Press: ? - help, Shift-Dir - straight line, f - goblin
Aim: a goblin, wielding a +0 club (moderately wounded, strong, unable to see you, 77% to hit)
The blast of sand hits the goblin!
You kill the goblin!
Robin hits you with a +0 whip.
You die...

. #.### ...
######### ...
.......##
#.########.....#
...##.>.gg@).......#
........######.....#
...####.# ##...##
#.#######..##
#.....†.....#
#..######...#
##.........†.####
...............#
##..........##.#


You could see Robin (unable to see you) and a hobgoblin (strong, unable to see
you).

Vanquished Creatures
  2 adders (D:2)
  2 dart slugs (D:1)
  3 endoplasms (D:1)
  A giant cockroach (D:1)
  13 goblins
  3 hobgoblins
  3 jackals (D:1)
  A kobold (D:1)
  4 quokkas
  4 ball pythons
  2 bats (D:1)
  2 rats (D:2)
40 creatures vanquished.

Vanquished Creatures (others)
  5 toadstools (D:1)
5 creatures vanquished.

Grand Total: 45 creatures vanquished

Notes
Turn   | Place    | Note
-------+----------+-------------------------------------------
     0 | D:1      | edwardauron the Demigod Earth Elementalist began the quest
                  | for the Orb.
     0 | D:1      | Reached XP level 1. HP: 14/14 MP: 5/5
   306 | D:1      | Reached XP level 2. HP: 20/20 MP: 2/7
   481 | D:1      | Reached skill level 3 in Earth Magic
   995 | D:1      | Reached skill level 1 in Armour
   998 | D:1      | Reached XP level 3. HP: 26/26 MP: 4/8
  1002 | D:1      | Learned a level 3 spell: Stone Arrow
  1444 | D:2      | Noticed Robin
  1475 | D:2      | Slain by Robin

Illustrated notes

Levels and vault maps discovered:
D:1:      ldierk_walled_garden, layout_basic
D:2:      layout_loops_ring, basic_altar, shapermc_ecumenical_altar_mp_vishouse,
          kennysheep_generic_room_5, uniq_robin, uniq_terence

Skill      XL: |  1  2 |
---------------+-------+-----
Dodging        | 2 |  2.3
Spellcasting   | 2 |  2.2
Earth Magic    | 3 |  3.3
Armour         | 1 |  1.1
Stealth        | |  1.7
Conjurations   | |  0.7
Transmutations | |  0.8

Action                   || total
-------------------------++-------
Melee: Unarmed           ||     1
       Dagger            ||    10
 Cast: Sandblast         ||    63
  Use: Potion            ||     5
Armor: Leather armour    ||    18
Dodge: Dodged            ||    41
